 Dungeon Crawl Stone Soup version 0.31-a0-175-g9f7f995f2b (webtiles) character file.

Game seed: 9656221725969093816

112 qw the Chopper (level 4, -2/28 HPs)
             Began as a Gargoyle Fighter on June 17, 2023.
             Slain by an orc wizard
             ... wielding a +0 dagger
              (4 damage)
             ... on level 4 of the Dungeon.
             The game lasted 00:00:56 (2214 turns).

qw the Chopper (Gargoyle Fighter)                   Turns: 2214, Time: 00:00:57

Health: -2/28      AC: 16    Str: 22    XL:     4   Next: 93%
Magic:  4/4        EV: 23    Int:  8    God:
Gold:   241        SH:  0    Dex:  9    Spells: 3/3 levels left

rFire   + . .        Y - +0 war axe
rCold   . . .        c - +0 buckler
rNeg    + . .        i - +0 chain mail
rPois   inf          a - +1 helmet
rElec   +            (no cloak)
rCorr   .            (no gloves)
SInv    .            j - +0 pair of boots
Will    .....        l - amulet of the acrobat Stlth
                     g - ring of protection from fire
HPRegen 0.24/turn    (no ring)
MPRegen 0.09/turn

%: acrobat
@: confused, acrobatic
A: sickness immunity, AC +3, negative energy resistance 1, electricity
resistance, torment resistance 1, petrification resistance
a: no special abilities


You were on level 4 of the Dungeon.
You visited 1 branch of the dungeon, and saw 4 of its levels.

You collected 241 gold pieces.


Innate Abilities, Weirdness & Mutations

You are immune to sickness and miasma.
Your stone body is resilient. (AC +3)
You are immune to poison.
You resist negative energy. (rN+)
You are resistant to electric shocks. (rElec)
You are resistant to unholy torment.
You are immune to petrification.


   Skills:
 - Level 3.2 Fighting
 + Level 4.5 Axes
 - Level 3.2 Armour
 - Level 3.2 Shields


You had 3 spell levels left.
You didn't know any spells.
Your spell library was empty.

Inventory:

Hand Weapons
 e - a +0 whip
 Y - a +0 war axe (weapon)
Missiles
 b - 3 boomerangs (quivered)
Armour
 a - a +1 helmet (worn)
 c - a +0 buckler (worn)
 i - a +0 chain mail (worn)
 j - a +0 pair of boots (worn)
Jewellery
 g - a ring of protection from fire (left hand)
 l - an amulet of the acrobat (around neck)
Potions
 d - a potion of might
 f - a potion of lignification {unknown}

Dungeon Overview and Level Annotations

Branches:
Dungeon (4/15)
 Temple: D:4-7

Altars:
Ru
Vehumet


Message History

The orc priest hits you but does no damage.
The orc wizard misses you. The orc completely misses you. x2
The orc priest calls down the wrath of Beogh upon you.
Beogh smites you!
Ouch! That really hurt!
You feel less confused. The orc wizard barely misses you.
The orc priest completely misses you. The orc hits you but does no damage. x2
You hit the orc priest.
The orc priest is severely wounded.
You closely miss the orc wizard. You slash the orc!
You kill the orc!
You closely miss the orc. The orc wizard closely misses you.
The orc priest begins to cast a cantrip, but forgets the words!
The orc hits you but does no damage.
You slash the orc priest!
You kill the orc priest!
You barely miss the orc. You closely miss the orc wizard.
The orc completely misses you.
The orc wizard hits you but does no damage. x2
The orc barely misses you.
You hit the orc wizard but do no damage.
You hit the orc. The orc wizard casts a spell at you.
You are confused.
The orc hits you but does no damage.
The orc wizard gestures at you while chanting.
You are more confused.
The orc misses you.
The orc wizard hits you but does no damage.
The orc misses you.
The orc wizard casts a spell.
The orc wizard flickers and vanishes!
Deactivating autopickup; reactivate with Ctrl-A.
The orc barely misses you. Something misses you. The orc closely misses you.
Something hits you. The orc completely misses you. Something hits you.
You die...

###...######
...........#
...?.......##
............##
.............#
.............##
......{)......#
......)@.)....#
......o..<....#
................#
......[.......###
..............#
..............#
..............#
.?.............
............##


You could see an orc.

Vanquished Creatures
  An orc priest (D:4)
  An adder (D:3)
  A worm (D:2)
  3 dart slugs (D:2)
  5 orcs
  7 bats
  3 endoplasms
  4 giant cockroaches
  8 goblins
  4 hobgoblins
  4 kobolds
  4 quokkas
  4 ball pythons
  3 frilled lizards
  3 rats (D:1)
55 creatures vanquished.

Notes
Turn   | Place    | Note
-------+----------+-------------------------------------------
     0 | D:1      | qw the Gargoyle Fighter began the quest for the Orb.
     0 | D:1      | Reached XP level 1. HP: 14/14 MP: 1/1
     0 | D:1      | 0 ||| qw: Version: 0.3-a-2-g5ab2908
     0 | D:1      | 0 ||| qw: Game counter: 109
     0 | D:1      | 0 ||| qw: Always use a shield: true
     0 | D:1      | 0 ||| qw: God list: Okawaru
     0 | D:1      | 0 ||| qw: Allow faded altars: false
     0 | D:1      | 0 ||| qw: Do Orc after D:15 true
     0 | D:1      | 0 ||| qw: Do second Lair branch before Depths: true
     0 | D:1      | 0 ||| qw: Lair rune preference: random
     0 | D:1      | 0 ||| qw: Plans: Normal, Zot:1-4, Slime:5, God:TSO, Crypt,
                  | Tomb, Abyss, Pan, Hells, Win
     0 | D:1      | 0 ||| PLANNING D:1-11
    70 | D:1      | Reached skill level 2 in Axes
   129 | D:1      | Reached XP level 2. HP: 19/19 MP: 2/2
   258 | D:1      | 258 ||| Stepping ~*~*~tactically~*~*~ (stealth).
   259 | D:1      | 259 ||| Stepping ~*~*~tactically~*~*~ (stealth).
   260 | D:1      | 260 ||| Stepping ~*~*~tactically~*~*~ (stealth).
   261 | D:1      | 261 ||| Stepping ~*~*~tactically~*~*~ (stealth).
   332 | D:1      | 332 ||| Stepping ~*~*~tactically~*~*~ (stealth).
   455 | D:1      | 455 ||| UPGRADING to +0 chain mail.
   465 | D:1      | 465 ||| DROPPING +0 scale mail.
   466 | D:1      | 466 ||| UPGRADING to +0 pair of boots.
   471 | D:1      | 471 ||| UPGRADING to amulet of the acrobat.
   476 | D:1      | 476 ||| UPGRADING to ring of protection from fire.
   477 | D:1      | 477 ||| READING scroll labelled ONWYIM LAFACK.
   478 | D:1      | 478 ||| READING scroll labelled BERUPS DORORUOD.
   486 | D:2      | You fall into a shaft and drop 2 floors!
   490 | D:4      | 490 ||| FLEEEEING.
   491 | D:4      | 491 ||| STAIRDANCE
   598 | D:3      | Reached skill level 3 in Axes
   599 | D:3      | Reached XP level 3. HP: 20/23 MP: 3/3
   632 | D:3      | 632 ||| DROPPING orb of mayhem.
   633 | D:3      | 633 ||| READING scroll labelled GUSHRE ZAKH.
   692 | D:2      | Found a radiant altar of Vehumet.
   895 | D:2      | 895 ||| Stepping ~*~*~tactically~*~*~ (hiding).
  1089 | D:2      | 1089 ||| Stepping ~*~*~tactically~*~*~ (stealth).
  1092 | D:2      | Reached XP level 4. HP: 28/28 MP: 4/4
  1094 | D:2      | 1094 ||| Stepping ~*~*~tactically~*~*~ (hiding).
  1096 | D:2      | 1096 ||| Stepping ~*~*~tactically~*~*~ (hiding).
  1100 | D:2      | 1100 ||| Stepping ~*~*~tactically~*~*~ (hiding).
  1516 | D:2      | 1516 ||| UPGRADING to +1 helmet.
  1656 | D:3      | Reached skill level 4 in Axes
  1659 | D:3      | 1659 ||| DROPPING +0 club.
  1920 | D:3      | Found a sacrificial altar of Ru.
  2204 | D:4      | HP: 1/28 [orc priest/divine providence (17)]
  2213 | D:4      | HP: 1/28 [something (2)]
  2214 | D:4      | Slain by an orc wizard

Levels and vault maps discovered:
D:1:      dreamdust_arrival_beginning_and_end, layout_rooms,
          chequers_serial_rivers_small_3, st_stairs_2
D:2:      layout_loops_ring, basic_altar
D:3:      layout_basic, mainiacjoe_overflow_boulevard
D:4:      layout_layer_cave, minitemple

Skill      XL: |  1  2  3  4 |
---------------+-------------+-----
Axes           | 2 3 4 |  4.5
Fighting       | |  3.2
Armour         | |  3.2
Shields        | |  3.2

Action                     |  1- 3 |  4- 6 || total
---------------------------+-------+-------++-------
  Melee: War axe           |    89 |    22 ||   111
  Throw: Boomerang         |    24 |    26 ||    50
    Use: Scroll            |     3 |       ||     3
 Armour: Scale mail        |    26 |       ||    26
         Chain mail        |    25 |    15 ||    40
  Dodge: Dodged            |    28 |    28 ||    56
  Block: Buckler           |    15 |     4 ||    19

Table legend:
 A = Non-vault XP
 B = Vault XP
 C = Vault XP percentage of total XP
 D = Non-vault monster count
 E = Vault monster count
 F = Vault count percentage of total count
                 A         B        C        D         E       F
            +---------+---------+-------+---------+---------+-------
      Total |     158 |       2 |   1.2 |      54 |       1 |   1.8
            +---------+---------+-------+---------+---------+-------
        D:1 |      23 |       2 |   8.0 |      15 |       1 |   6.2
        D:2 |      45 |       0 |   0.0 |      21 |       0 |   0.0
        D:3 |      37 |       0 |   0.0 |      13 |       0 |   0.0
        D:4 |      53 |       0 |   0.0 |       5 |       0 |   0.0
            +---------+---------+-------+---------+---------+-------
